TOP OF THE 1ST |
Louisville Bats batting - Pitching for Blueville 83's : RHP Gary Grimes
|
Pitching: RHP Gary Grimes
|
|
Batting: LHB Ramón Morales
|
0-0: Ball 1-0: Called Strike 1-1: Bunted foul 1-2: Fly out, F7 (Flyball, 7S)
|
Batting: RHB Dick Slagboom
|
0-0: Ball 1-0: Ball 2-0: Ground out 2-3 (Groundball, 2L)
|
Batting: RHB Jesús Cabrera
|
0-0: Ball 1-0: Foul Ball, location: 2F 1-1: Ball 2-1: DOUBLE (Line Drive, 8LD)
|
Batting: RHB Eric Thompson
|
0-0: Ball 1-0: Foul Ball, location: 2F 1-1: Called Strike 1-2: Ball 2-2: Ball 3-2: Foul Ball, location: 2F 3-2: Foul Ball, location: 2F 3-2: Base on Balls
|
Batting: LHB Alex Henderson
|
0-0: Foul Ball, location: 2F 0-1: Ball 1-1: Foul Ball, location: 2F 1-2: Fly out, F6 (Popup, 6)
|
Top of the 1st over - 0 run(s), 1 hit(s), 0 error(s), 2 left on base; Louisville 0 - Blueville 0 |
BOTTOM OF THE 1ST |
Blueville 83's batting - Pitching for Louisville Bats : RHP Tony Henderson
|
Pitching: RHP Tony Henderson
|
|
Batting: SHB Bob Noble
|
0-0: Ball 1-0: Ball 2-0: Called Strike 2-1: Called Strike 2-2: Foul Ball, location: 2F 2-2: Ground out U3 (Groundball, 3)
|
Batting: RHB Matt Perkins
|
0-0: Called Strike 0-1: Ball 1-1: Ball 2-1: Foul Ball, location: 2F 2-2: Foul Ball, location: 2F 2-2: Ball 3-2: Foul Ball, location: 2F 3-2: Base on Balls
|
Batting: RHB Tae-kwon Kwon
|
0-0: Ball 1-0: Foul Ball, location: 2F 1-1: Swinging Strike 1-2: Ball 2-2: Fly out, F8 (Flyball, 78M)
|
Batting: LHB António Glaviz
|
0-0: Ball 1-0: Foul Ball, location: 2F 1-1: Foul Ball, location: 2F 1-2: Strikes out swinging
|
Bottom of the 1st over - 0 run(s), 0 hit(s), 0 error(s), 1 left on base; Louisville 0 - Blueville 0 |
TOP OF THE 2ND |
Louisville Bats batting - Pitching for Blueville 83's : RHP Gary Grimes
|
Batting: RHB John Denton
|
0-0: Called Strike 0-1: Foul Ball, location: 2F 0-2: Ball 1-2: Fly out, F7 (Line Drive, 7S)
|
Batting: LHB Jeff Forsyth
|
0-0: Foul Ball, location: 2F 0-1: Ball 1-1: Ball 2-1: Called Strike 2-2: Ground out 4-3 (Groundball, 4)
|
Batting: RHB Shawn Marshall
|
0-0: Called Strike 0-1: Ball 1-1: Swinging Strike 1-2: Ball 2-2: Foul Ball, location: 2F 2-2: Ground out 6-3 (Groundball, 6)
|
Top of the 2nd over - 0 run(s), 0 hit(s), 0 error(s), 0 left on base; Louisville 0 - Blueville 0 |
BOTTOM OF THE 2ND |
Blueville 83's batting - Pitching for Louisville Bats : RHP Tony Henderson
|
Batting: LHB Ricardo Romero
|
0-0: Ball 1-0: Ball 2-0: Ground out 6-3 (Groundball, 6)
|
Batting: LHB Ron Robinson
|
0-0: Ball 1-0: DOUBLE (Flyball, 78XD)
|
Batting: RHB Felipe Rivera
|
0-0: Ball 1-0: Called Strike 1-1: Ball 2-1: Foul Ball, location: 2F 2-2: Foul Ball, location: 2F 2-2: Fly out, F4 (Line Drive, 4M)
|
Batting: LHB Vincente Sáenz
|
0-0: Ball 1-0: Swinging Strike 1-1: Ball 2-1: Ball 3-1: Base on Balls
|
Batting: LHB Jacob Wright
|
0-0: Called Strike 0-1: Foul Ball, location: 2F 0-2: Ball 1-2: Ball Wild Pitch! Ron Robinson to third Vincente Sáenz to second 2-2: SINGLE (Line Drive, 4M) Ron Robinson scores Vincente Sáenz to third
|
Batting: SHB Bob Noble
|
0-0: Ground out 3-1 (Groundball, 34)
|
Bottom of the 2nd over - 1 run(s), 2 hit(s), 0 error(s), 2 left on base; Louisville 0 - Blueville 1 |
TOP OF THE 3RD |
Louisville Bats batting - Pitching for Blueville 83's : RHP Gary Grimes
|
Batting: SHB Bob Warren
|
0-0: Foul Ball, location: 2F 0-1: Swinging Strike 0-2: Foul Ball, location: 2F 0-2: Strikes out swinging
|
Batting: LHB Ramón Morales
|
0-0: Ball 1-0: Ball 2-0: Ball 3-0: Base on Balls
|
Batting: RHB Dick Slagboom
|
0-0: Ball 1-0: Called Strike 1-1: Ball 2-1: Foul Ball, location: 2F 2-2: Ball 3-2: Foul Ball, location: 2F 3-2: Fly out, F9 (Flyball, 9)
|
Batting: RHB Jesús Cabrera
|
0-0: Ball 1-0: Ball 2-0: Called Strike 2-1: SINGLE (Groundball, 6MD) Ramón Morales to second Runner from 2nd tries for 3rd, SAFE, throw made to third Jesús Cabrera to second
|
Batting: RHB Eric Thompson
|
0-0: Called Strike 0-1: Ball 1-1: Ball 2-1: Ground out 6-3 (Groundball, 6)
|
Top of the 3rd over - 0 run(s), 1 hit(s), 0 error(s), 2 left on base; Louisville 0 - Blueville 1 |
BOTTOM OF THE 3RD |
Blueville 83's batting - Pitching for Louisville Bats : RHP Tony Henderson
|
Batting: RHB Matt Perkins
|
0-0: Ball 1-0: Reached on error, E6 (Groundball, 6)
|
Batting: RHB Tae-kwon Kwon
|
0-0: Called Strike 0-1: Ball 1-1: Ball 2-1: Swinging Strike Balk! Matt Perkins to second 2-2: Foul Ball, location: 2F 2-2: Reached on error, E7 (Flyball, 7D) Matt Perkins scores
|
Batting: LHB António Glaviz
|
0-0: Called Strike 0-1: Ball 1-1: Swinging Strike 1-2: Ball 2-2: Ball 3-2: Fly out, F8 (Flyball, 78S)
|
Batting: LHB Ricardo Romero
|
0-0: Called Strike 0-1: Foul Ball, location: 2F 0-2: Strikes out swinging
|
Batting: LHB Ron Robinson
|
0-0: Called Strike 0-1: Ball 1-1: Swinging Strike 1-2: Ground out 5-3 (Groundball, 56)
|
Bottom of the 3rd over - 1 run(s), 0 hit(s), 2 error(s), 1 left on base; Louisville 0 - Blueville 2 |
TOP OF THE 4TH |
Louisville Bats batting - Pitching for Blueville 83's : RHP Gary Grimes
|
Batting: LHB Alex Henderson
|
0-0: Ball 1-0: Ball 2-0: Foul Ball, location: 2F 2-1: Ball 3-1: Base on Balls
|
Batting: RHB John Denton
|
0-0: Ball 1-0: Fielders Choice at 2nd, 1-6 (Groundball, 13S)
|
Batting: LHB Jeff Forsyth
|
0-0: Ball John Denton steals 2nd base 1-0: Foul Ball, location: 2F 1-1: Foul Ball, location: 2F 1-2: Foul Ball, location: 2F 1-2: DOUBLE (Flyball, 89D) John Denton scores
|
Batting: RHB Shawn Marshall
|
0-0: Called Strike 0-1: Ground out U3 (Groundball, 34S) Jeff Forsyth to third
|
Batting: SHB Bob Warren
|
0-0: Foul Ball, location: 2F 0-1: Ball 1-1: Foul Ball, location: 2F 1-2: Ground out 6-3 (Groundball, 6)
|
Top of the 4th over - 1 run(s), 1 hit(s), 0 error(s), 1 left on base; Louisville 1 - Blueville 2 |
BOTTOM OF THE 4TH |
Blueville 83's batting - Pitching for Louisville Bats : RHP Tony Henderson
|
Batting: RHB Felipe Rivera
|
0-0: Ball 1-0: Ball 2-0: Ball 3-0: Base on Balls
|
Batting: LHB Vincente Sáenz
|
0-0: Foul Ball, location: 2F 0-1: Ball 1-1: Ground out 4-3 (Groundball, 4M) Felipe Rivera to second
|
Batting: LHB Jacob Wright
|
0-0: Called Strike 0-1: Ball 1-1: Ball 2-1: Ball 3-1: Base on Balls
|
Batting: SHB Bob Noble
|
0-0: Called Strike 0-1: Swinging Strike 0-2: Ball 1-2: Ball 2-2: Fielders Choice at 2nd, 6-4 (Groundball, 6) Felipe Rivera to third
|
Batting: RHB Matt Perkins
|
0-0: Ball 1-0: Swinging Strike 1-1: Ball 2-1: Ground out 5-3 (Groundball, 56S)
|
Bottom of the 4th over - 0 run(s), 0 hit(s), 0 error(s), 2 left on base; Louisville 1 - Blueville 2 |
TOP OF THE 5TH |
Louisville Bats batting - Pitching for Blueville 83's : RHP Gary Grimes
|
Batting: LHB Ramón Morales
|
0-0: Called Strike 0-1: Ball 1-1: Foul Ball, location: 2F 1-2: Strikes out swinging
|
Batting: RHB Dick Slagboom
|
0-0: Ball 1-0: Called Strike 1-1: Swinging Strike 1-2: Strikes out swinging
|
Batting: RHB Jesús Cabrera
|
0-0: Called Strike 0-1: Called Strike 0-2: Ball 1-2: Ball 2-2: SINGLE (Groundball, 6MD)
|
Batting: RHB Eric Thompson
|
0-0: Ball Jesús Cabrera steals 2nd base 1-0: Ground out 5-3 (Groundball, 56S)
|
Top of the 5th over - 0 run(s), 1 hit(s), 0 error(s), 1 left on base; Louisville 1 - Blueville 2 |
BOTTOM OF THE 5TH |
Blueville 83's batting - Pitching for Louisville Bats : RHP Tony Henderson
|
Pitching: RHP Guy Hebert
|
|
Batting: RHB Tae-kwon Kwon
|
0-0: Called Strike 0-1: Ball 1-1: Foul Ball, location: 2F 1-2: Strikes out swinging
|
Batting: LHB António Glaviz
|
0-0: Called Strike 0-1: DOUBLE (Line Drive, 9LM)
|
Batting: LHB Ricardo Romero
|
0-0: Ball 1-0: Ball 2-0: Ball 3-0: Base on Balls
|
Batting: LHB Ron Robinson
|
0-0: SINGLE (Groundball, 6MD) António Glaviz to third Ricardo Romero to second Runner from 3rd tries for Home, SAFE, throw made home Ricardo Romero to third Ron Robinson to second
|
Batting: RHB Felipe Rivera
|
0-0: Called Strike 0-1: Called Strike 0-2: Ball 1-2: Ball 2-2: Ball 3-2: Foul Ball, location: 2F 3-2: Base on Balls
|
Batting: LHB Vincente Sáenz
|
0-0: Ball 1-0: Foul Ball, location: 2F 1-1: Swinging Strike 1-2: Foul Ball, location: 2F 1-2: Ball 2-2: Ball 3-2: Strikes out swinging
|
Batting: LHB Jacob Wright
|
0-0: Foul Ball, location: 2F 0-1: Called Strike 0-2: Foul Ball, location: 2F 0-2: Ball 1-2: Ball 2-2: Strikes out looking
|
Bottom of the 5th over - 1 run(s), 2 hit(s), 0 error(s), 3 left on base; Louisville 1 - Blueville 3 |
TOP OF THE 6TH |
Louisville Bats batting - Pitching for Blueville 83's : RHP Gary Grimes
|
Pitching: LHP António Coronado
|
|
Batting: LHB Alex Henderson
|
0-0: Ball 1-0: Ball 2-0: Ball 3-0: Called Strike 3-1: Base on Balls
|
Batting: RHB John Denton
|
0-0: Ball 1-0: Ball 2-0: Called Strike 2-1: Ball 3-1: Base on Balls Alex Henderson to second
|
Batting: LHB Jeff Forsyth
|
0-0: Ball 1-0: Ball 2-0: Ball 3-0: Base on Balls Alex Henderson to third John Denton to second
|
Batting: RHB Shawn Marshall
|
0-0: Ball 1-0: Ball 2-0: Called Strike 2-1: Foul Ball, location: 2F 2-2: Foul Ball, location: 2F 2-2: Strikes out swinging
|
Batting: SHB Bob Warren
|
0-0: Ball 1-0: Called Strike 1-1: Swinging Strike 1-2: Ball 2-2: Fly out, F8 (Line Drive, 78XD) Runner from 3rd tags up, SCORES, no throw John Denton to third
|
Batting: LHB Ramón Morales
|
0-0: Foul Ball, location: 2F 0-1: Ball 1-1: Ball 2-1: Swinging Strike 2-2: Ball 3-2: Ground out 4-3 (Groundball, 4)
|
Top of the 6th over - 1 run(s), 0 hit(s), 0 error(s), 2 left on base; Louisville 2 - Blueville 3 |
BOTTOM OF THE 6TH |
Blueville 83's batting - Pitching for Louisville Bats : RHP Guy Hebert
|
Batting: SHB Bob Noble
|
0-0: Ground out 4-3 (Groundball, 4)
|
Batting: RHB Matt Perkins
|
0-0: Called Strike 0-1: Swinging Strike 0-2: Ball 1-2: Ball 2-2: Ball 3-2: Foul Ball, location: 2F 3-2: Foul Ball, location: 2F 3-2: Foul Ball, location: 2F 3-2: Strikes out looking
|
Batting: RHB Tae-kwon Kwon
|
0-0: Called Strike 0-1: Ball 1-1: SOLO HOME RUN (Flyball, 7D), Distance : 374 ft
|
Batting: LHB António Glaviz
|
0-0: Ball 1-0: DOUBLE (Line Drive, 9LM)
|
Pitching: RHP Tom McConnell
|
|
Batting: LHB Ricardo Romero
|
0-0: Foul Ball, location: 2F 0-1: Called Strike 0-2: Ball 1-2: Strikes out swinging
|
Bottom of the 6th over - 1 run(s), 2 hit(s), 0 error(s), 1 left on base; Louisville 2 - Blueville 4 |
TOP OF THE 7TH |
Louisville Bats batting - Pitching for Blueville 83's : LHP António Coronado
|
Batting: RHB Dick Slagboom
|
0-0: Foul Ball, location: 2F 0-1: Ground out 5-3 (Groundball, 5)
|
Batting: RHB Jesús Cabrera
|
0-0: SINGLE (Groundball, 6MD)
|
Batting: RHB Eric Thompson
|
0-0: Ball Jesús Cabrera is caught stealing 2nd base 1-0: Ball 2-0: Ground out 5-3 (Groundball, 56)
|
Top of the 7th over - 0 run(s), 1 hit(s), 0 error(s), 0 left on base; Louisville 2 - Blueville 4 |
BOTTOM OF THE 7TH |
Blueville 83's batting - Pitching for Louisville Bats : RHP Tom McConnell
|
Batting: LHB Ron Robinson
|
0-0: Called Strike 0-1: Ball 1-1: Fly out, F9 (Flyball, 9LSF)
|
Batting: RHB Felipe Rivera
|
0-0: Called Strike 0-1: Ball 1-1: Foul Ball, location: 2F 1-2: Ball 2-2: SINGLE (Line Drive, 6MD)
|
Batting: LHB Vincente Sáenz
|
0-0: Ball 1-0: Ball 2-0: Swinging Strike 2-1: Foul Ball, location: 2F 2-2: SINGLE (Line Drive, 4M) Felipe Rivera to second
|
Batting: LHB Jacob Wright
|
0-0: Ball 1-0: Ball 2-0: Ball 3-0: Base on Balls Felipe Rivera to third Vincente Sáenz to second
|
Pinch Hitting: RHB Yoshihide Takahashi
|
0-0: Called Strike 0-1: Ball 1-1: Foul Ball, location: 2F 1-2: Grounds into double play, 1-2-3 (Groundball, 15S)
|
Bottom of the 7th over - 0 run(s), 2 hit(s), 0 error(s), 2 left on base; Louisville 2 - Blueville 4 |
TOP OF THE 8TH |
Louisville Bats batting - Pitching for Blueville 83's : LHP António Coronado
|
Now at 2B: Carlos Carrillo
|
|
Batting: LHB Alex Henderson
|
0-0: Ball 1-0: Called Strike 1-1: Foul Ball, location: 2F 1-2: Ball 2-2: Foul Ball, location: 2F 2-2: Foul Ball, location: 2F 2-2: Ball 3-2: Foul Ball, location: 2F 3-2: Ground out 4-3 (Groundball, 4)
|
Pitching: RHP Santiago González
|
|
Batting: RHB John Denton
|
0-0: Called Strike 0-1: SINGLE (Flyball, 8RS)
|
Pitching: LHP Gian-Andrea Nota
|
|
Batting: LHB Jeff Forsyth
|
0-0: Swinging Strike 0-1: Ball 1-1: Ball 2-1: Ball 3-1: Called Strike 3-2: Foul Ball, location: 2F 3-2: Base on Balls John Denton to second
|
Pitching: RHP Clint Tancock
|
|
Batting: RHB Shawn Marshall
|
0-0: Called Strike 0-1: Ball 1-1: Foul Ball, location: 2F 1-2: Fly out, F8 (Flyball, 8LS)
|
Batting: SHB Bob Warren
|
0-0: Called Strike 0-1: Ball 1-1: Ball 2-1: Fielders Choice at 2nd, 4-6 (Groundball, 34)
|
Top of the 8th over - 0 run(s), 1 hit(s), 0 error(s), 1 left on base; Louisville 2 - Blueville 4 |
BOTTOM OF THE 8TH |
Blueville 83's batting - Pitching for Louisville Bats : RHP Tom McConnell
|
Batting: RHB Matt Perkins
|
0-0: Ball 1-0: Foul Ball, location: 2F 1-1: DOUBLE (Flyball, 8RD)
|
Batting: RHB Tae-kwon Kwon
|
0-0: Ball 1-0: Foul Ball, location: 2F 1-1: Ball 2-1: DOUBLE (Line Drive, 89D) Matt Perkins scores
|
Batting: LHB António Glaviz
|
0-0: Swinging Strike 0-1: Foul Ball, location: 2F 0-2: Strikes out swinging
|
Batting: LHB Ricardo Romero
|
0-0: Foul Ball, location: 2F 0-1: Ball 1-1: Ball 2-1: Ball 3-1: Fly out, F8 (Flyball, 78D)
|
Batting: LHB Ron Robinson
|
0-0: Ground out 3-1 (Groundball, 34)
|
Bottom of the 8th over - 1 run(s), 2 hit(s), 0 error(s), 1 left on base; Louisville 2 - Blueville 5 |
TOP OF THE 9TH |
Louisville Bats batting - Pitching for Blueville 83's : RHP Clint Tancock
|
Pitching: RHP José Ruíz
|
|
Batting: LHB Ramón Morales
|
0-0: Called Strike 0-1: Ground out 1-3 (Groundball, P)
|
Batting: RHB Dick Slagboom
|
0-0: Ball 1-0: Ball 2-0: Called Strike 2-1: Ball 3-1: Swinging Strike 3-2: Foul Ball, location: 2F 3-2: Foul Ball, location: 2F 3-2: Base on Balls
|
Batting: RHB Jesús Cabrera
|
0-0: Ball 1-0: Foul Ball, location: 2F 1-1: Ball 2-1: Ball 3-1: Base on Balls Dick Slagboom to second
|
Batting: RHB Eric Thompson
|
0-0: Ball 1-0: Called Strike 1-1: Foul Ball, location: 2F 1-2: Foul Ball, location: 2F 1-2: Ball 2-2: SINGLE (Groundball, 4MD) Dick Slagboom to third Jesús Cabrera to second
|
Batting: LHB Alex Henderson
|
0-0: Called Strike 0-1: Ball 1-1: Foul Ball, location: 2F 1-2: Fly out, F9 (Flyball, 89S)
|
Batting: RHB John Denton
|
0-0: Ball 1-0: Swinging Strike 1-1: Swinging Strike 1-2: Fly out, F7 (Flyball, 7)
|
Top of the 9th over - 0 run(s), 1 hit(s), 0 error(s), 3 left on base; Louisville 2 - Blueville 5 |
|